 Dungeon Crawl Stone Soup version 0.30-a0-347-gf58ed5266c (webtiles) character file.

Game seed: 15967460242209324574

795591 holysushi the Ninja (level 27, -11/167 (199) HPs)
             Began as a Kobold Monk on Nov 6, 2022.
             Was the Champion of Dithmenos.
             Mangled by Cerebov
             ... wielding the +6 sword of Cerebov {flame}
              (49 damage)
             ... in Pandemonium on Nov 7, 2022.
             The game lasted 03:01:52 (94205 turns).

holysushi the Ninja (Kobold Monk)                  Turns: 94205, Time: 03:01:53

HP:   -11/167 (199) AC: 20    Str: 10    XL:     27
MP:   35/35         EV: 63    Int: 11    God:    Dithmenos [******]
Gold: 6126          SH: 16    Dex: 42    Spells: 32/34 levels left

rFire   + . .      SeeInvis +    a - +7 rapier of Tyudog {vorpal, rElec rCorr}
rCold   + . .      Faith    .    Y - +3 buckler {reflect}
rNeg    . . .      Spirit   .    y - +2 robe {Will+}
rPois   .          Reflect  +    O - +2 hat {SInv}
rElec   +          Harm     .    T - +2 cloak {Stlth+}
rCorr   +          Rampage  +    g - +2 pair of gloves
Will    +++..      Clarity  +    D - +2 pair of boots {rampage} Stlth ####****** NoCast +
                                 X - amulet "Gysimu" {Acrobat -Cast +Inv rC+ Regen+}
HPRegen 1.27/turn                B - +6 ring of dexterity
MPRegen 0.24/turn                M - +6 ring of dexterity

@: very slightly contaminated, wreathed by umbra, studying 3 skills, heavily
drained, invisible (expiring)
A: small, no large weapons, nightstalker 3, iridescent scales 1, clarity, fire
resistance 1, shaggy fur 1
}: 8/15 runes: serpentine, barnacled, slimy, silver, abyssal, demonic, magical,
dark
a: Renounce Religion, Evoke Invisibility, Shadow Step, Shadow Form


You were in Pandemonium.
You worshipped Dithmenos.
Dithmenos was exalted by your worship.
You visited 14 branches of the dungeon, and saw 54 of its levels.
You visited Pandemonium 2 times, and saw 12 of its levels.
You visited the Abyss 1 time.
You visited 1 bazaar.
You also visited: Ice Cave, Volcano and Wizlab.

You collected 9277 gold pieces.
You spent 3151 gold pieces at shops.

Inventory:

Hand Weapons
 a - the +7 rapier of Tyudog (weapon) {vorpal, rElec rCorr}
   (You acquired it on level 6 of the Dungeon)

   It inflicts extra damage upon your enemies.
   rElec:     It insulates you from electricity.
   rCorr:     It protects you from acid and corrosion.
 h - a +9 vampiric quick blade
Armour
 g - a +2 pair of gloves (worn)
 w - the +3 robe of Clouds {*Thunder rCloud rElec}
   (You took it off a deep elf death mage on level 3 of the Elven Halls)

   It occasionally creates storm clouds above nearby enemies.
   It grants its wearer immunity to clouds.
   rElec:     It insulates you from electricity.
 y - a +2 robe of willpower (worn)
 D - a +2 pair of boots of rampaging (worn)
 O - a +2 hat of see invisible (worn)
 T - a +2 cloak of stealth (worn)
 Y - a +3 buckler of reflection (worn)
Jewellery
 f - the amulet of Ebo Huetiqo {Spirit rElec rPois rN+ Int+3}
   (You found it in Pandemonium)

   [amulet of guardian spirit]

   It causes incoming damage to be divided between your reserves of health and
   magic.
   Int:       It affects your intelligence (+3).
   rElec:     It insulates you from electricity.
   rPois:     It protects you from poison.
   rN:        It protects you from negative energy.
 s - a ring of flight
 x - a ring of poison resistance
 B - a +6 ring of dexterity (left hand)
 J - a +6 ring of dexterity
 L - a ring of willpower
 M - a +6 ring of dexterity (right hand)
 Q - the ring "Vihof" {Ice +Blink Will+++ Str-3 Int-2}
   (You took it off Josephina on level 3 of the Crypt)

   [ring of ice]

   It enhances your ice magic.
   Str:       It affects your strength (-3).
   Int:       It affects your intelligence (-2).
   rF:        It makes you vulnerable to fire.
   rC:        It protects you from cold.
   +Blink:    It lets you blink.
   Will:      It greatly increases your willpower.
 S - a ring of protection from cold
 V - a ring of protection from fire
 X - the amulet "Gysimu" (around neck) {Acrobat -Cast +Inv rC+ Regen+}
   (You found it on level 5 of the Pits of Slime)

   [amulet of the acrobat]

   It increases your evasion while moving and waiting.
   rC:        It protects you from cold.
   +Inv:      It lets you turn invisible.
   -Cast:     It prevents spellcasting.
   Regen:     It increases your rate of health regeneration.
Wands
 G - a wand of digging (5)
 N - a wand of paralysis (43)
 W - a wand of quicksilver (27)
Scrolls
 c - 11 scrolls of fear
 d - 13 scrolls of teleportation
 n - 14 scrolls of vulnerability
 u - 15 scrolls of immolation
 v - 7 scrolls of poison
 E - 12 scrolls of amnesia
 F - 4 scrolls of brand weapon
 H - 9 scrolls of enchant weapon
 K - 11 scrolls of blinking
 P - 4 scrolls of silence
 R - 5 scrolls of magic mapping
 U - 7 scrolls of butterflies
Potions
 e - 6 potions of brilliance
 i - 7 potions of flight
 j - 4 potions of heal wounds
 k - 11 potions of haste
 m - 37 potions of curing
 o - 6 potions of attraction
 p - 2 potions of ambrosia
 q - 9 potions of might
 r - 5 potions of invisibility
 t - 3 potions of resistance
 z - 8 potions of lignification
 A - 12 potions of mutation
 C - 4 potions of cancellation
 I - 7 potions of berserk rage
 Z - 7 potions of magic
Miscellaneous
 b - a tin of tremorstones (2/2)
 l - a phantom mirror


   Skills:
 O Level 27 Fighting
 O Level 27 Short Blades
 - Level 9.0 Armour
 O Level 27 Dodging
 O Level 27 Stealth
 - Level 15.0 Shields
 - Level 2.6 Unarmed Combat
 - Level 4.0 Spellcasting
 - Level 10.0 Translocations
 + Level 16.6 Invocations
 + Level 21.6 Evocations


You had 32 spell levels left.
You knew the following spells:

 Your Spells              Type           Power      Damage    Failure   Level
a - Blink                 Tloc           48%        N/A       1%          2

Your spell library contained the following spells:

 Spells                   Type           Power      Damage    Failure   Level
 Apportation              Tloc           48%        N/A       1%          1
 Gell's Gravitas          Tloc           24%        N/A       1%          3
 Lesser Beckoning         Tloc           48%        N/A       1%          3
 Teleport Other           Tloc           24%        N/A       1%          3
 Manifold Assault         Tloc           24%        N/A       4%          4
 Momentum Strike          Conj/Tloc      26%        3d8       5%          2
 Portal Projectile        Hex/Tloc       26%        N/A       11%         3
 Vhi's Electric Charge    Tloc/Air       26%        N/A       11%         3
 Kindle Blastsparks       Fire/Tloc/Air  18%        2d11      22%         3
 Beastly Appendage        Tmut           4%         N/A       28%         1
 Freeze                   Ice            8%         1d3       28%         1
 Kiss of Death            Conj/Necr      8%         2d6       28%         1
 Magic Dart               Conj           8%         1d3       28%         1
 Necrotise                Necr           8%         1d4       28%         1
 Shock                    Conj/Air       8%         1d3       28%         1
 Summon Small Mammal      Summ           8%         N/A       28%         1
 Iskenderun's Mystic Bla  Conj/Tloc      13%        2d5       34%         4
 Call Imp                 Summ           2%         N/A       38%         2
 Cigotuvi's Dreadful Rot  Necr/Pois/Air  4%         N/A       38%         2
 Ensorcelled Hibernation  Hex/Ice        4%         N/A       38%         2
 Passwall                 Tmut/Erth      1%         N/A       38%         2
 Searing Ray              Conj           4%         2d4       38%         2
 Static Discharge         Conj/Air       4%         2-3/arc   38%         2
 Sublimation of Blood     Necr           2%         N/A       38%         2
 Wereblood                Tmut           2%         N/A       38%         2
 Dispersal                Tloc           12%        N/A       56%         6
 Call Canine Familiar     Summ           2%         N/A       63%         3
 Confusing Touch          Hex            2%         N/A       63%         3
 Dazzling Flash           Conj/Hex       4%         N/A       63%         3
 Frozen Ramparts          Ice            4%         1d1       63%         3
 Hailstorm                Conj/Ice       2%         3d3       63%         3
 Ignite Poison            Fire/Tmut/Pois 2%         N/A       63%         3
 Mephitic Cloud           Conj/Pois/Air  2%         N/A       63%         3
 Ozocubu's Armour         Ice            2%         N/A       63%         3
 Spider Form              Tmut/Pois      2%         N/A       63%         3
 Stone Arrow              Conj/Erth      4%         3d7       63%         3
 Summon Guardian Golem    Hex/Summ       2%         N/A       63%         3
 Swiftness                Air            2%         N/A       63%         3
 Tukima's Dance           Hex            2%         N/A       63%         3
 Vampiric Draining        Necr           2%         2d6       63%         3
 Summon Forest            Summ/Tloc      6%         N/A       69%         5
 Airstrike                Air            1%         2d(1-17)  95%         4
 Anguish                  Hex/Necr       1%         N/A       95%         4
 Animate Armour           Summ/Erth      4%         N/A       95%         4
 Animate Dead             Necr           2%         N/A       95%         4
 Dispel Undead            Necr           2%         3d7       95%         4
 Fulminant Prism          Conj/Hex       1%         3d5       95%         4
 Ice Form                 Ice/Tmut       2%         N/A       95%         4
 Leda's Liquefaction      Hex/Erth       1%         N/A       95%         4
 Summon Ice Beast         Ice/Summ       2%         N/A       95%         4
 Summon Lightning Spire   Summ/Air       2%         N/A       95%         4
 Agony                    Necr           2%         N/A       100%        5
 Alistair's Intoxication  Tmut/Pois      1%         N/A       100%        5
 Arcjolt                  Conj/Air       1%         1d11      100%        5
 Blade Hands              Tmut           1%         N/A       100%        5
 Fireball                 Conj/Fire      1%         3d3       100%        5
 Freezing Cloud           Conj/Ice/Air   1%         6-21      100%        5
 Irradiate                Conj/Tmut      1%         3d12      100%        5
 Iskenderun's Battlesphe  Conj           2%         2d6       100%        5
 Lee's Rapid Deconstruct  Erth           1%         3d4*      100%        5
 Lightning Bolt           Conj/Air       1%         1d12      100%        5
 Metabolic Englaciation   Hex/Ice        1%         N/A       100%        5
 Silence                  Hex/Air        1%         N/A       100%        5
 Summon Mana Viper        Hex/Summ       2%         N/A       100%        5
 Yara's Violent Unravell  Hex/Tmut       1%         3d3       100%        5
 Conjure Ball Lightning   Conj/Air       1%         3x3d6     100%        6
 Death Channel            Necr           1%         N/A       100%        6
 Iron Shot                Conj/Erth      1%         9d1       100%        6
 Simulacrum               Ice/Necr       1%         N/A       100%        6
 Starburst                Conj/Fire      1%         6d3       100%        6
 Statue Form              Tmut/Erth      1%         N/A       100%        6
 Summon Cactus Giant      Summ           1%         N/A       100%        6
 Dragon Form              Tmut           1%         N/A       100%        7
 Enfeeble                 Hex            1%         N/A       100%        7
 Monstrous Menagerie      Summ           1%         N/A       100%        7
 Orb of Destruction       Conj           1%         9d5       100%        7
 Ozocubu's Refrigeration  Ice            1%         4d7       100%        7
 Spellforged Servitor     Conj/Summ      1%         N/A       100%        7
 Storm Form               Tmut/Air       1%         N/A       100%        7
 Summon Hydra             Summ           1%         N/A       100%        7
 Discord                  Hex            1%         N/A       100%        8
 Disjunction              Tloc           12%        N/A       100%        8
 Lehudib's Crystal Spear  Conj/Erth      1%         10d2      100%        8
 Maxwell's Capacitive Co  Air            1%         ∞         100%        8
 Necromutation            Tmut/Necr      1%         N/A       100%        8
 Polar Vortex             Ice            1%         N/A       100%        9


Dungeon Overview and Level Annotations

Branches:
Dungeon (15/15) Zot: 24949  Temple (1/1) D:4 Zot: 5951    Lair (5/5) D:10 Zot: 22539
 Shoals (4/4) Lair:2 Zot: 18236   Snake (4/4) Lair:2 Zot: 16673   Slime (5/5) Lair:5 Zot: 25292
    Orc (2/2) D:10 Zot: 10279     Elf (3/3) Orc:2 Zot: 12587  Vaults (5/5) D:13 Zot: 18748
  Crypt (3/3) Vaults:2 Zot: 13131    Tomb (1/3) Crypt:3 Zot: 5892  Depths (4/4) D:15 Zot: 16152
   Hell (visited)             Dis (0/7) Hell            Geh (1/7) Hell Zot: 10498
    Coc (0/7) Hell            Tar (0/7) Hell            Zot (0/5) Depths:4
  IceCv (visited)         Volcano (visited)          WizLab (visited)

Altars:
Ashenzari
Cheibriados
Dithmenos
Elyvilon
Fedhas
Gozag
Hepliaklqana
Kikubaaqudgha
Makhleb
Nemelex Xobeh
Okawaru
Qazlal
Ru
Sif Muna
Trog
Uskayaw
Vehumet
Wu Jian
Xom
Yredelemnul
Zin
The Shining One
Jiyva

Shops:
D:8 ?   D:9 !   D:15 ?   Orc:2 (?!   Elf:1 *   Elf:3 !   Shoals:2 *
Snake:1 (*   Snake:2 (:(   Snake:4 (   Vaults:3 *   Crypt:3 *   Depths:1 *
Depths:2 :   Depths:3 [

Portals:
Hell: Depths:1 Depths:2 Depths:3 Depths:4
Abyss: Depths:2 Depths:3
Pandemonium: Depths:2 Depths:3
Ziggurat: Depths:1

Annotations:
D:2 exclusion: downstairs
D:8 3 runed translucent doors, exclusion: 3 doors, drewk1942's ghost, novice MiFi
Shoals:1 Roxanne
Snake:4 4 exclusions
Elf:3 2 transporters, hikkokomori's ghost, adept DgIE
Crypt:3 Hegoitz's ghost, veteran MiGl
Pan Cerebov; Lom Lobon


Innate Abilities, Weirdness & Mutations

You are small and have problems with some larger weapons.
You are completely attuned to the shadows.
You are partially covered in iridescent scales. (AC +2)
You possess an exceptional clarity of mind.
Your flesh is heat resistant. (rF+)
You are covered in fur. (AC +1)


Message History

Cerebov shouts, "Go and return not, thou qualling weeb-spouting swadder!"
You block Cerebov's attack. The balrug gestures at you.
Your +3 buckler of reflection reflects the sticky flame!
The sticky flame hits the balrug but does no damage.
The balrug is covered in liquid flames!
You puncture the fire vortex!
The fire vortex is severely damaged.
You are covered in liquid flames!
You are no longer on fire.
Cerebov gestures.
Cerebov seems to speed up.
The balrug gestures at you.
The fireball explodes!
The fireball engulfs you! You resist.
The fireball engulfs the fire vortex.
The fire vortex completely resists.
The fireball engulfs the fire vortex.
The fire vortex completely resists.
The fireball engulfs Cerebov.
Cerebov completely resists.
Cerebov shouts, "Give up, thou defiled fob-snatching bum-bailey!"
Really walk into that cloud of flame? [Y]es or [N]o only, please.
Really walk into that cloud of flame?
Cerebov attacks as you move away! Cerebov completely misses you.
You are engulfed in blazing flames.
You resist. The balrug gestures at you. Something smites you!
Cerebov attacks as you move away! Cerebov misses you.
Found a fiery rune of Zot.
Cerebov completely misses you. Cerebov gestures at you.
A raging storm of fire appears!
The great blast of fire engulfs you!!! You partially resist.
* * * LOW HITPOINT WARNING * * *
You emit a cloud of dark smoke.
The great blast of fire engulfs Cerebov!!!
Cerebov partially resists.
You hear a roar! 3 fire vortices come into view.
You feel much better.
A fire vortex comes into view.
Cerebov hits you with the +6 sword of Cerebov {flame}!!!
You die...

.......##*,,..§§§...3###.....#
#......#*,,,.≈≈≈≈≈....##.....#
##.[..##*,,*.≈≈≈≈≈.#..###....#
......#*,,,*≈.###2§#...*#....#
.#2...#*,,**≈...vv≈##,.*#..?.#
.'.#****,,*~≈.°.○°3☼#,,*####.#
##.#,,,*,,*~≈.°..v○○#,,*,,,#.#
*#2#,,,+,,**#v###&###,,+,,,#.#
##.#,,,*,,,,##v§@##,,,,*,,,#.#
§§§#####*,,,,##§##,,,,*#####.#
§§§§§§.##*,,,,##*,,,,*##(....#
*§§§§§..##*,,,,,,,,,*##......#
&§☼§§§...##*,,,,,,,*##.......#
.#§.§§....##***+***##........#
##...).....###,,,###.........#
##...........#,,,#...^.......#
#...........#,,,#...........#


You could see Cerebov (fast), a ynoxinul (unable to see you) and 4 fire
vortices.

Vanquished Creatures
  the Royal Jelly (Slime:5)
  A seraph (Pan)
  2 pandemonium lords (Pan)
  An ancient lich (Vaults:5)
  Mara (Depths:2)
  Mennas (Pan)
  Josephina (Crypt:3)
  Saint Roka (Snake:3)
  Geryon (Hell)
  6 golden dragons
  Nikola (Snake:1)
  A profane servitor (Crypt:3)
  2 pearl dragons (Pan)
  A bone dragon (Crypt:3)
  5 Tzitzimimeh (Pan)
  2 hellephants (Depths:4)
  6 Brimstone Fiends (Pan)
  3 tentacled monstrosities
  Jorgrun (D:13)
  2 Hell Sentinels (Pan)
  2 Ice Fiends (Pan)
  7 searing wretches
  2 walking divine tomes
  2 deep elf master archers (Elf:3)
  6 titans
  6 liches
  Asterion (Depths:1)
  22 acid blobs
  2 quicksilver dragons
  9 sphinxes
  14 ancient champions
  33 Executioners (Pan)
  Agnes (D:15)
  3 tentacled starspawn (Abyss:3)
  A kraken (Shoals:1)
  9 tengu reavers
  5 shadow dragons
  4 storm dragons
  3 revenants
  Donald (Slime:4)
  A draconian monk (Depths:4)
  A strange machine (WizLab)
  10 azure jellies
  An azure jelly (shapeshifter) (Vaults:5)
  5 nagarajas
  11 daevas (Pan)
  3 demonspawn warmongers (Pan)
  2 iron dragons
  11 rockslimes
  9 fire giants
  10 deep elf sorcerers
  10 frost giants
  5 deep elf elementalists
  Louise (Depths:2)
  15 balrugs
  4 curse skulls
  A juggernaut zombie (Crypt:3)
  16 vault wardens
  A draconian stormcaller (Depths:4)
  Aizul (Snake:1)
  5 cacodemons (Pan)
  3 ghost moths (Pan)
  An orc warlord (Vaults:1)
  3 demonspawn corrupters (Pan)
  15 angels (Pan)
  A draconian annihilator (Pan)
  8 demonspawn blood saints (Pan)
  28 very ugly things
  4 ghouls (Crypt:1)
  A juggernaut skeleton (Pan)
  2 spriggan defenders
  3 war gargoyles
  13 quicksilver oozes
  15 ironbound preservers
  15 reapers
  20 stone giants
  A caustic shrike skeleton (Depths:1)
  10 deep elf demonologists
  5 ironbound thunderhulks
  10 ophanim (Pan)
  15 apis (Pan)
  2 green draconians (Depths:4)
  15 deep elf annihilators
  13 lorocyprocas (Pan)
  Nessos (Lair:5)
  6 starcursed masses (Abyss:3)
  2 minotaurs (Shoals:4)
  2 red draconians (Depths:4)
  21 dire elephants
  5 demonspawn black suns (Pan)
  14 vampire knights
  3 purple draconians (Depths:4)
  13 spark wasps
  29 green deaths
  5 eidola
  27 blizzard demons
  9 ettins
  3 merfolk impalers
  3 iron golems
  3 merfolk javelineers
  10 deep elf death magi
  An entropy weaver (Vaults:3)
  An elf zombie (Crypt:3)
  6 deep elf high priests
  A crystal guardian (Vaults:3)
  22 jiangshi
  8 fire dragons
  6 great orbs of eyes
  7 ice dragons
  4 hydras
  2 peacekeepers
  A quicksilver dragon skeleton (Depths:1)
  3 salamander tyrants (Snake:4)
  Erolcha (D:11)
  16 yaktaur captains
  10 rakshasas
  30 vault guards
  2 hell beasts (Pan)
  3 juggernaut simulacra
  17 centaur warriors
  A spriggan air mage (Depths:4)
  3 spriggan skeletons
  3 ogre magi
  3 anacondas
  4 merfolk aquamancers
  3 death knights
  11 ironbound frosthearts
  3 merfolk avatars
  4 boulder beetles
  A catoblepas (D:15)
  2 alligator snapping turtles
  15 two-headed ogres
  A stoker (Hell)
  An Orb Guardian skeleton (Crypt:2)
  6 tengu warriors
  6 deep troll shamans
  8 death yaks
  12 naga warriors
  12 satyrs (Shoals:4)
  38 dancing weapons
  8 vampire magi
  6 deep troll earth magi
  5 hell hogs (Depths:4)
  An azure jelly zombie (Crypt:2)
  8 shock serpents
  20 naga sharpshooters
  A thrashing horror (Abyss:3)
  9 spriggan berserkers
  43 sun demons
  16 deep elf knights
  27 soul eaters
  3 spriggans
  33 hell knights
  6 salamander mystics
  13 shadow wraiths
  13 sixfirhies (Pan)
  43 skeletal warriors
  2 wretched stars (Abyss:3)
  A storm dragon skeleton (Pan)
  40 deep trolls
  8 iron trolls
  12 sea snakes
  9 cherubim (Pan)
  4 shadow demons
  A shadow dragon zombie (Depths:1)
  22 lindwurms
  4 glowing orange brains (Pan)
  9 flayed ghosts
  2 orange crystal statues
  A sphinx zombie (Crypt:3)
  2 anaconda zombies (Hell)
  10 deep elf archers
  An obsidian statue (Crypt:3)
  13 wizards
  Pikel (D:5)
  19 phantasmal warriors
  A golden dragon skeleton (Pan)
  7 naga ritualists
  2 bog bodies (Crypt:1)
  17 ironbound convokers
  7 necromancers
  A glowing orange brain (shapeshifter) (Vaults:4)
  17 harpies
  19 deep elf zephyrmancers
  A harpy (shapeshifter) (D:14)
  3 orc knights
  8 cyclopes
  11 mana vipers
  4 oklob plants (Lair:5)
  2 orc sorcerers
  A shadow dragon skeleton (Crypt:3)
  48 ugly things
  31 deep elf pyromancers
  28 manticores
  4 rust devils
  3 elephants (Lair:4)
  5 shining eyes
  13 fauns
  27 vault sentinels
  20 salamanders
  3 molten gargoyles (Lair:5)
  A water nymph (shapeshifter) (Depths:3)
  33 black mambas
  12 merfolk sirens
  15 naga magi
  60 smoke demons (Pan)
  6 ice statues
  An eye of devastation (shapeshifter) (Vaults:5)
  5 guardian serpents
  4 centaur skeletons
  2 torpor snails
  7 water nymphs
  12 cane toads
  2 alligator snapping turtle skeletons (Pan)
  19 orange demons (Pan)
  A gargoyle (D:13)
  An eye of devastation (Slime:4)
  A naga skeleton (Pan)
  An unseen horror zombie (Crypt:1)
  5 demonic crawlers (Pan)
  4 hellions
  5 efreet
  A sea snake zombie (Hell)
  11 komodo dragons
  3 unseen horrors
  A redback zombie (Crypt:1)
  4 freezing wraiths
  28 yaktaurs
  2 tengu conjurers (D:13)
  58 hellwings
  5 guardian mummies (Crypt:3)
  A black draconian skeleton (Crypt:2)
  2 sea snake skeletons (Hell)
  An anaconda simulacrum (Hell)
  A golden dragon simulacrum (Depths:1)
  6 tormentors
  7 ice devils
  3 red devils (Pan)
  24 merfolk
  A hydra zombie (Hell)
  A harpy zombie (Crypt:3)
  13 trolls
  A shadow dragon simulacrum (Crypt:3)
  2 polar bears
  39 large abominations
  A moth of wrath zombie (Crypt:1)
  7 wind drakes
  3 hornets
  2 hydra skeletons
  A raiju (Elf:3)
  Grinder (D:5)
  Prince Ribbit (D:5)
  3 harpy skeletons
  143 slime creatures
  7 snapping turtles
  13 dream sheep
  An alligator zombie (Hell)
  A dream sheep (shapeshifter) (Depths:3)
  An iron dragon simulacrum (Crypt:3)
  2 air elementals
  A satyr zombie (Crypt:3)
  23 blink frogs
  An alligator skeleton (Hell)
  An ettin skeleton (Hell)
  10 flying skulls
  6 vampires
  An ice dragon skeleton (Crypt:3)
  6 wraiths
  2 ushabtiu (Tomb:1)
  67 yaks
  A shadow (D:12)
  23 water elementals
  A black mamba skeleton (Pan)
  5 wyverns
  21 ynoxinuls (Pan)
  10 basilisks
  A fire elemental (Lair:1)
  8 golden eyes
  3 vampire mosquitoes (D:15)
  2 steam dragons (Lair:5)
  3 chaos spawn
  4 wargs
  4 neqoxecs (Pan)
  A small abomination (Abyss:3)
  3 redbacks (Vaults:3)
  2 harpy simulacra (Crypt:3)
  An acid dragon (D:11)
  A floating eye (Depths:1)
  A glowing shapeshifter skeleton (Crypt:3)
  29 nagas
  13 water moccasins
  19 hell hounds
  A water moccasin (shapeshifter) (Vaults:4)
  Duvessa (D:7)
  3 ice beasts
  2 sky beasts
  7 great orb of eyes simulacra (IceCv)
  24 ogres
  3 boggarts (D:15)
  24 orc warriors
  12 wolves
  17 centaurs
  4 lemures
  A phantom (D:5)
  2 slime creature simulacra (IceCv)
  3 kobold brigands
  2 fire crab zombies
  2 necrophages
  13 bullfrogs
  3 scorpions
  4 earth elementals
  5 wights (D:7)
  4 glowing shapeshifter simulacra (IceCv)
  Dowan (D:7)
  An electric eel (Lair:1)
  14 howler monkeys
  A wolf skeleton (Crypt:1)
  4 crimson imps (Pan)
  3 hounds
  2 jellies (D:6)
  5 lava snakes (Lair:5)
  21 orc priests
  2 gnoll boudas
  4 iguanas
  A black bear skeleton (Crypt:1)
  19 orc wizards
  A boggart skeleton (Crypt:2)
  2 human simulacra (D:12)
  A hound zombie (D:3)
  A hound skeleton (D:3)
  9 mummies
  9 gnolls
  6 adders
  A swamp drake skeleton (Crypt:3)
  A white imp (D:5)
  3 ufetubi
  A lava snake zombie (Crypt:2)
  An adder zombie (D:3)
  An iguana skeleton (Crypt:3)
  3 worms
  5 dart slugs
  75 orcs
  7 endoplasms
  3 giant cockroaches
  4 goblins
  3 hobgoblins
  2 jackals (D:2)
  2 quokkas
  9 ball pythons
  4 bats
  2 frilled lizards
  A frilled lizard zombie (Crypt:2)
  A jackal zombie (Crypt:2)
  20 kobolds
  12 rats
  A rat zombie (Crypt:3)
  A river rat zombie (Crypt:1)
  A creeping inferno (Hell)
  3 fire vortices (Hell)
2916 creatures vanquished.

Vanquished Creatures (collateral kills)
  Gloorx Vloq (Pan)
1 creature vanquished.

Vanquished Creatures (others)
  A lich (Pan)
  An apis (Pan)
  A green death (Pan)
  A rakshasa (Pan)
  An ogre mage (Orc:2)
  A sixfirhy (Pan)
  2 glowing orange brains (Pan)
  A wizard (Pan)
  4 smoke demons (Pan)
  3 hellwings (Pan)
  A ynoxinul (Pan)
  A hell hound (Pan)
  20 ball lightnings (Pan)
  23 fungi
  A lurking horror (Abyss:3)
  66 plants
  4 starspawn tentacles (Abyss:3)
  8 withered plants (D:3)
140 creatures vanquished.

Grand Total: 3057 creatures vanquished

Notes
Turn   | Place    | Note
-------+----------+-------------------------------------------
     0 | D:1      | holysushi the Kobold Monk began the quest for the Orb.
     0 | D:1      | Reached XP level 1. HP: 14/14 MP: 1/1
    51 | D:1      | Reached XP level 2. HP: 18/19 MP: 2/2
    63 | D:1      | Reached skill level 1 in Unarmed Combat
   359 | D:1      | Reached XP level 3. HP: 23/23 MP: 3/3
   724 | D:2      | Reached XP level 4. HP: 29/29 MP: 4/4
  1725 | D:3      | Noticed a black bear
  1743 | D:2      | Reached XP level 5. HP: 14/33 MP: 5/5
  2285 | D:3      | Reached skill level 5 in Short Blades
  2290 | D:3      | Reached XP level 6. HP: 39/39 MP: 6/6
  2829 | D:3      | Reached skill level 5 in Dodging
  3030 | D:4      | Found a staircase to the Ecumenical Temple.
  3036 | Temple   | Entered the Ecumenical Temple
  3075 | Temple   | Became a worshipper of Dithmenos the Shadowed
  3075 | Temple   | Reached * piety under Dithmenos
  3075 | Temple   | Reached ** piety under Dithmenos
  3223 | D:4      | Found a shimmering blue altar of Sif Muna.
  3473 | D:4      | Reached skill level 5 in Fighting
  3473 | D:4      | Reached XP level 7. HP: 42/44 MP: 7/7
  4031 | D:5      | Entered Level 5 of the Dungeon
  4512 | D:5      | Noticed Grinder
  4523 | D:5      | Paralysed by Grinder for 2 turns
  4539 | D:5      | Killed Grinder
  4540 | D:5      | Reached XP level 8. HP: 50/50 MP: 8/8
  4668 | D:5      | Identified the +7 war axe "Ucsaas" {drain, rC+ rN+ SInv}
  5126 | D:5      | Noticed Prince Ribbit
  5676 | D:5      | Noticed Pikel
  6076 | D:5      | Killed Prince Ribbit
  6276 | D:5      | Reached skill level 5 in Stealth
  6455 | D:5      | Killed Pikel
  6456 | D:5      | Reached skill level 10 in Short Blades
  6456 | D:5      | Reached XP level 9. HP: 45/56 MP: 9/9
  6984 | D:6      | Found an opulent altar of Gozag.
  7502 | D:6      | Identified a scroll of acquirement
  7502 | D:6      | Acquired the +7 rapier of Tyudog {vorpal, rElec rCorr}
  7594 | D:6      | Reached *** piety under Dithmenos
  7996 | D:7      | Noticed Dowan
  7997 | D:7      | Noticed Duvessa
  8021 | D:7      | Killed Duvessa
  8027 | D:7      | Killed Dowan
  8028 | D:7      | Reached XP level 10. HP: 11/63 MP: 10/10
  8413 | D:7      | Found a sacrificial altar of Ru.
  9447 | D:8      | Found Coibb's Magic Scroll Emporium.
  9452 | D:8      | Bought a scroll of teleportation for 39 gold pieces
  9452 | D:8      | Bought 2 scrolls of identify for 52 gold pieces
  9452 | D:8      | Bought a scroll of teleportation for 39 gold pieces
  9698 | D:8      | Found a runed translucent gate.
  9699 | D:8      | Found a runed translucent gate.
  9700 | D:8      | Found a runed translucent gate.
  9700 | D:8      | Noticed a nine-headed hydra
  9704 | D:8      | Noticed drewk1942's ghost (novice MiFi)
  9742 | D:8      | Found the +7 staff of the Meek {protect, meekguard}
  9746 | D:8      | Reached **** piety under Dithmenos
  9960 | D:8      | Noticed a ten-headed hydra
 10470 | D:9      | Found Vuhisein's Distillery.
 10480 | D:9      | Reached XP level 11. HP: 69/69 MP: 11/11
 10549 | D:9      | Bought 2 potions of heal wounds for 100 gold pieces
 10549 | D:9      | Bought a potion of invisibility for 80 gold pieces
 10549 | D:9      | Bought a potion of degeneration for 10 gold pieces
 10549 | D:9      | Bought a potion of mutation for 80 gold pieces
 10968 | D:10     | Entered Level 10 of the Dungeon
 10999 | D:10     | Reached skill level 10 in Dodging
 11258 | D:10     | Reached skill level 10 in Stealth
 11594 | D:10     | Noticed a two-headed ogre
 11603 | D:10     | Killed a two-headed ogre
 11681 | D:10     | Reached skill level 10 in Fighting
 11712 | D:10     | Found a staircase to the Lair.
 11737 | D:10     | Found a white marble altar of Elyvilon.
 11969 | D:10     | Found a staircase to the Orcish Mines.
 12030 | Lair:1   | Entered Level 1 of the Lair of Beasts
 12117 | Lair:1   | Reached ***** piety under Dithmenos
 12129 | Lair:1   | Found a dark tunnel.
 12129 | Lair:1   | Noticed a lindwurm
 12133 | Lair:1   | Killed a lindwurm
 12141 | Volcano  | Entered a volcano
 12170 | Volcano  | Noticed a hell knight
 12174 | Volcano  | Killed a hell knight
 12175 | Volcano  | Reached XP level 12. HP: 79/79 MP: 12/12
 12214 | Volcano  | Noticed a centaur warrior
 12228 | Volcano  | Killed a centaur warrior
 12467 | Lair:1   | Noticed a death yak
 12469 | Lair:1   | Noticed a death yak
 12498 | Lair:1   | Noticed a death yak
 12554 | Lair:1   | Killed a death yak
 12777 | Lair:1   | Found a shimmering blue altar of Sif Muna.
 13071 | Lair:1   | Killed a death yak
 13096 | Lair:1   | Killed a death yak
 13599 | Lair:2   | Found a staircase to the Shoals.
 13711 | Lair:2   | Found a staircase to the Snake Pit.
 13740 | Lair:2   | Reached XP level 13. HP: 87/87 MP: 13/13
 13756 | Lair:2   | Noticed a seven-headed hydra
 13911 | Lair:2   | Reached skill level 15 in Short Blades
 14075 | Lair:2   | Learned a level 2 spell: Blink
 16710 | Lair:4   | Noticed a four-headed hydra
 16711 | Lair:4   | Killed a four-headed hydra
 16915 | Lair:4   | Reached skill level 15 in Dodging
 17115 | Lair:4   | Reached XP level 14. HP: 94/94 MP: 14/14
 17665 | Lair:5   | Entered Level 5 of the Lair of Beasts
 17744 | Lair:5   | Found a viscous altar of Jiyva.
 17745 | Lair:5   | Found a staircase to the Slime Pits.
 17923 | Lair:5   | Reached ****** piety under Dithmenos
 17972 | Lair:5   | Noticed Nessos
 17976 | Lair:5   | Killed Nessos
 18917 | Lair:5   | Found a large runed translucent door.
 18917 | Lair:5   | Found a large runed translucent door.
 19052 | Lair:5   | Reached skill level 15 in Stealth
 19295 | Lair:5   | Acquired 934 gold pieces
 19426 | Snake:1  | Entered Level 1 of the Snake Pit
 19568 | Snake:1  | Reached XP level 15. HP: 86/101 MP: 15/15
 19613 | Snake:1  | Noticed Aizul
 19617 | Snake:1  | Killed Aizul
 19637 | Snake:1  | Noticed Nikola
 19641 | Snake:1  | Killed Nikola
 19681 | Snake:1  | Reached skill level 15 in Fighting
 19871 | Snake:1  | Found Mata Hek's General Store.
 19881 | Snake:1  | Bought a scroll of butterflies for 64 gold pieces
 19886 | Snake:1  | Found Cusutesa's Weapon Shoppe.
 20382 | Snake:2  | Found Otoonod's Weapon Boutique.
 20383 | Snake:2  | Found Xoeclem's Book Shop.
 20598 | Snake:2  | Found Sysets's Antique Weapon Boutique.
 20642 | Snake:2  | You fall into a shaft and drop 1 floor!
 21735 | Snake:2  | Noticed a nagaraja
 21739 | Snake:2  | Killed a nagaraja
 22247 | Snake:3  | Reached XP level 16. HP: 110/110 MP: 16/16
 22698 | Snake:3  | Noticed a nagaraja
 22907 | Snake:3  | Noticed Saint Roka
 23387 | D:11     | Noticed Erolcha
 23389 | D:11     | Killed Erolcha
 25475 | Orc:1    | Entered Level 1 of the Orcish Mines
 25947 | Orc:2    | Entered Level 2 of the Orcish Mines
 26129 | Orc:2    | Found Cuzusmae's Distillery.
 26379 | Orc:2    | Found Wyon's Jewellery Shoppe.
 26399 | Orc:2    | Reached skill level 1 in Invocations
 26491 | Orc:2    | Found Uwiamah's Magic Scroll Shop.
 26500 | Orc:2    | Found Ameer's Antique Weapon Shoppe.
 26722 | Orc:2    | Found a staircase to the Elven Halls.
 27301 | Snake:3  | Killed Saint Roka
 27679 | Snake:3  | Reached XP level 17. HP: 115/116 MP: 20/20
 27941 | Snake:4  | Entered Level 4 of the Snake Pit
 27953 | Snake:4  | Reached skill level 5 in Invocations
 28203 | Snake:4  | Found an ancient bone altar of Kikubaaqudgha.
 29021 | Snake:4  | Found Jymn's Weapon Shoppe.
 30694 | Snake:4  | Got a serpentine rune of Zot
 31094 | Shoals:1 | Entered Level 1 of the Shoals
 31366 | Shoals:1 | Reached XP level 18. HP: 122/122 MP: 25/25
 31392 | Shoals:1 | Identified Roxanne's Tome of Spelunking
 31392 | Shoals:1 | Noticed Roxanne
 31811 | Shoals:1 | Noticed a kraken
 31815 | Shoals:1 | Killed a kraken
 33112 | Shoals:2 | Reached skill level 10 in Invocations
 33577 | Shoals:2 | Found Myek's General Store.
 33585 | Shoals:2 | Bought a potion of haste for 110 gold pieces
 34974 | Shoals:4 | Entered Level 4 of the Shoals
 35173 | Shoals:4 | Got a barnacled rune of Zot
 35836 | Shoals:4 | Reached XP level 19. HP: 111/129 MP: 27/27
 36388 | Shoals:4 | Identified the ring of Nyalecum {rF++ rCorr Str+6 Int+2
                  | Dex-5}
 37389 | D:13     | Noticed Jorgrun
 37417 | D:13     | Killed Jorgrun
 37492 | D:13     | Found a gate to the Vaults.
 38059 | D:13     | Found a gateway to a bazaar.
 38424 | Bazaar   | Entered a bazaar
 38438 | Bazaar   | Found Aryh's Assorted Antiques.
 38438 | Bazaar   | Found Kyukar's Antique Armour Shoppe.
 38460 | Bazaar   | Found Papn's Magic Scroll Shoppe.
 38476 | Bazaar   | Found Isokk's Assorted Antiques.
 38476 | Bazaar   | Found Bubiufaxt's Magic Scroll Shoppe.
 38498 | Bazaar   | Found Wisobb's Jewellery Emporium.
 38498 | Bazaar   | Found Sauph's Antique Weapon Shoppe.
 38545 | Bazaar   | Bought a dazzling dagger for 224 gold pieces
 38545 | Bazaar   | Identified the +5 dagger of a wizard's laboratory {vorpal,
                  | rF+} (You bought it in a shop in a bazaar)
 38560 | Bazaar   | Bought a scroll of teleportation for 39 gold pieces
 38560 | Bazaar   | Bought a scroll of teleportation for 39 gold pieces
 38576 | Bazaar   | Bought a scroll of teleportation for 42 gold pieces
 38576 | Bazaar   | Bought a scroll of teleportation for 42 gold pieces
 38590 | Bazaar   | Bought a pair of embroidered gloves for 172 gold pieces
 38728 | D:14     | Found a burning altar of Makhleb.
 39475 | D:15     | Entered Level 15 of the Dungeon
 39553 | D:15     | Found a frozen archway.
 39640 | IceCv    | Entered an ice cave
 39885 | IceCv    | Found a viscous altar of Jiyva.
 39933 | IceCv    | Got the Volume of the Blizzard
 39959 | IceCv    | Got the +8 dagger "Killer Klown's Curse" {freeze, rPois
                  | Str+3 Int+3 Stlth+}
 40036 | IceCv    | Got the Directory of the Ladybird
 40478 | D:15     | Reached XP level 20. HP: 137/137 MP: 29/29
 40509 | D:15     | Noticed Agnes
 40530 | D:15     | Killed Agnes
 40633 | D:15     | Found a staircase to the Depths.
 41123 | D:15     | Found Yquejof's Magic Scroll Shoppe.
 41224 | D:15     | Reached skill level 1 in Shields
 41574 | Elf:1    | Entered Level 1 of the Elven Halls
 42361 | Elf:1    | Got the Directory of Conjuration
 42474 | Elf:1    | Found Siphuf's Assorted Antiques.
 42488 | Elf:1    | Bought a potion of invisibility for 304 gold pieces
 42489 | Elf:1    | Bought a potion of heal wounds for 190 gold pieces
 43487 | Elf:2    | Found a runed translucent gate.
 43488 | Elf:2    | Found a runed translucent gate.
 43489 | Elf:2    | Found a runed translucent gate.
 44379 | Elf:2    | Reached skill level 5 in Shields
 44697 | Elf:3    | Entered Level 3 of the Elven Halls
 44836 | Elf:3    | Found a magical portal.
 44846 | WizLab   | Entered Tukima's Studio
 44934 | WizLab   | Reached XP level 21. HP: 148/148 MP: 30/30
 44991 | WizLab   | Noticed holysushi's illusion
 45064 | WizLab   | Identified the +5 longbow "Jeuf Dua" {speed, rElec Str-5
                  | Int+2 SInv}
 45845 | Elf:3    | Found a transporter.
 45845 | Elf:3    | Found a transporter.
 45887 | Elf:3    | Noticed hikkokomori's ghost (adept DgIE)
 46122 | Elf:3    | Found Xemeo's Distillery.
 46127 | Elf:3    | Bought a potion of curing for 42 gold pieces
 46127 | Elf:3    | Bought a potion of curing for 42 gold pieces
 46127 | Elf:3    | Bought a potion of haste for 140 gold pieces
 46127 | Elf:3    | Bought a potion of curing for 42 gold pieces
 46127 | Elf:3    | Bought 2 potions of curing for 84 gold pieces
 46127 | Elf:3    | Bought a potion of heal wounds for 70 gold pieces
 46384 | Elf:3    | Noticed a Brimstone Fiend
 46783 | Abyss:3  | Cast into level 3 of the Abyss (a deep elf demonologist)
 46863 | Abyss:3  | Got an abyssal rune of Zot
 47175 | Elf:3    | Escaped the Abyss
 47180 | Elf:3    | Noticed a Brimstone Fiend
 47339 | Elf:3    | Noticed a Tzitzimitl
 47467 | Elf:3    | Identified the +7 war axe "Kochieb" {vorpal, Dex+5}
 47479 | Elf:3    | Identified the +9 hand axe of Chaos {freeze, rPois Int+4
                  | Dex+3 SInv}
 47627 | Elf:3    | Identified the +7 trident of the Modern Lives {vorpal,
                  | Will+}
 47635 | Elf:3    | Got the Encyclopedia of the Blistering Mortuary
 47652 | Elf:3    | Identified the +10 shortbow "Foag" {elec, rElec rC+ Will+}
 47655 | Elf:3    | Identified the +10 short sword "Xerich" {flame, rElec rF++}
 47688 | Elf:3    | Identified the +5 sling of Extermination {freeze, rPois rF-
                  | Str+3 Dex+3}
 47710 | Elf:3    | Found the +7 great mace "Firestarter" {inner flame, rF++}
 47719 | Elf:3    | Identified the +3 chain mail "Ecviel" {Dex+4}
 48106 | Vaults:1 | Entered Level 1 of the Vaults
 48186 | Vaults:1 | Reached XP level 22. HP: 158/158 MP: 31/31
 49027 | Vaults:1 | Identified the +4 falchion "Wedwafyt" {elec, Fly rC- rN+}
 50785 | Vaults:2 | Found a staircase to the Crypt.
 50785 | Vaults:2 | Found a basalt altar of Yredelemnul.
 50785 | Vaults:2 | Found an ancient bone altar of Kikubaaqudgha.
 50969 | Vaults:2 | Reached XP level 23. HP: 165/165 MP: 33/33
 51540 | Vaults:3 | Found Isuirets's Assorted Antiques.
 51546 | Vaults:3 | Bought a potion of heal wounds for 145 gold pieces
 51905 | Vaults:3 | Identified the +4 great sword of the Hidden Tales {vorpal,
                  | +Blink Stlth+}
 53984 | Vaults:4 | Reached XP level 24. HP: 173/173 MP: 33/33
 54109 | Vaults:5 | Entered Level 5 of the Vaults
 54295 | Vaults:5 | Noticed a golden dragon
 54612 | Vaults:4 | Killed a golden dragon
 56954 | Vaults:5 | Noticed a golden dragon
 56997 | Vaults:5 | Killed a golden dragon
 57156 | Vaults:5 | Identified the +8 plate armour of the Doldrums {rF+ rN++}
 57170 | Vaults:5 | Noticed a golden dragon
 57173 | Vaults:5 | Killed a golden dragon
 57188 | Vaults:5 | Got a silver rune of Zot
 57269 | Vaults:5 | Identified the +9 great sword "Goblinslayer" {antimagic,
                  | rPois Will- Str-2 Dex+7}
 57490 | Vaults:5 | Noticed a golden dragon
 57597 | Vaults:5 | Identified the ring "Nenut" {rN+ MP-9 AC+4 Str+3}
 57802 | Vaults:5 | Identified the +0 mace "Fidas" {pain, rC+ Dex-5 SInv}
 57961 | Vaults:5 | Killed a golden dragon
 58390 | Vaults:5 | Reached XP level 25. HP: 180/180 MP: 33/33
 58517 | Vaults:5 | Identified the +8 halberd "Maocist" {flame, rElec rPois rN+
                  | Int+2}
 58919 | Vaults:5 | Noticed an ancient lich
 58959 | Vaults:5 | Killed an ancient lich
 59443 | Depths:1 | Entered Level 1 of the Depths
 59443 | Depths:1 | Found a gateway to Hell.
 59469 | Depths:1 | Found a one-way gateway to a ziggurat.
 59575 | Depths:1 | Noticed Asterion
 59578 | Depths:1 | Killed Asterion
 60500 | Depths:1 | Found Leeqoarph's Blood Bar.
 61025 | Hell     | Entered the Vestibule of Hell
 61025 | Hell     | Noticed Geryon
 61095 | Hell     | Killed Geryon
 61110 | Depths:1 | Reached skill level 27 in Stealth
 61874 | Depths:2 | Found Feicwycs's Self-Improvement Boutique.
 61882 | Depths:2 | Bought a manual of Short Blades for 960 gold pieces
 61949 | Depths:2 | Found a one-way gate leading to the halls of Pandemonium.
 62107 | Depths:2 | Found a one-way gate to the infinite horrors of the Abyss.
 62108 | Depths:2 | Identified the +0 tower shield of Magic {Int+4}
 62108 | Depths:2 | Noticed Louise
 62112 | Depths:2 | Killed Louise
 62538 | Depths:2 | Noticed Mara
 62540 | Depths:2 | Killed Mara
 62541 | Depths:2 | Reached XP level 26. HP: 188/188 MP: 33/33
 63524 | Depths:3 | Found Tonkakun's Armour Shop.
 63628 | Depths:3 | Reached skill level 27 in Short Blades
 63904 | Depths:4 | Entered Level 4 of the Depths
 65969 | Depths:4 | Found a broken altar of Ashenzari.
 66150 | Depths:4 | Found a gate to the Realm of Zot.
 66152 | Depths:4 | Reached skill level 10 in Shields
 67363 | Hell     | Reached XP level 27. HP: 196/196 MP: 33/33
 67577 | Hell     | Found a gateway to the Iron City of Dis.
 68471 | Hell     | Reached skill level 27 in Fighting
 68756 | Hell     | Found a gateway to the freezing wastes of Cocytus.
 68854 | Hell     | Reached skill level 1 in Armour
 68868 | Hell     | Found a gateway to the decaying netherworld of Tartarus.
 68980 | Hell     | Found a gateway to the ashen valley of Gehenna.
 69145 | Geh:1    | Entered Level 1 of Gehenna
 69418 | Crypt:1  | Entered Level 1 of the Crypt
 69811 | Crypt:1  | You fall into a shaft and drop 1 floor!
 73075 | Crypt:3  | Entered Level 3 of the Crypt
 73162 | Crypt:3  | Found a staircase to the Tomb.
 73474 | Crypt:3  | Reached skill level 5 in Armour
 74051 | Crypt:3  | Found a runed translucent gate.
 74051 | Crypt:3  | Found a runed translucent gate.
 74052 | Crypt:3  | Found a runed translucent gate.
 74054 | Crypt:3  | Found an opulent altar of Gozag.
 74103 | Crypt:3  | Identified the ring "Vihof" {Ice +Blink Will+++ Str-3
                  | Int-2}
 74103 | Crypt:3  | Noticed Josephina
 74108 | Crypt:3  | Killed Josephina
 74522 | Crypt:3  | Found an ancient bone altar of Kikubaaqudgha.
 74522 | Crypt:3  | Found a basalt altar of Yredelemnul.
 74563 | Crypt:3  | Got the Precepts of Dark Mysteries
 74934 | Crypt:3  | Found Qaomm's Assorted Antiques.
 74934 | Crypt:3  | Noticed Hegoitz's ghost (veteran MiGl)
 75635 | Slime:1  | Entered Level 1 of the Pits of Slime
 75883 | Slime:1  | Reached skill level 1 in Translocations
 75909 | Slime:1  | Reached skill level 1 in Evocations
 76110 | Slime:2  | Reached skill level 1 in Spellcasting
 76189 | Slime:2  | You fall into a shaft and drop 1 floor!
 76698 | Slime:5  | Entered Level 5 of the Pits of Slime
 77118 | Slime:4  | Noticed Donald
 77309 | Slime:4  | Killed Donald
 77427 | Slime:5  | Found a viscous altar of Jiyva.
 77428 | Slime:5  | Noticed the Royal Jelly
 77433 | Slime:5  | Killed the Royal Jelly
 78020 | Slime:5  | Reached skill level 27 in Dodging
 78020 | Slime:5  | Reached skill level 5 in Translocations
 78143 | Slime:5  | Identified the amulet "Gysimu" {Acrobat -Cast +Inv rC+
                  | Regen+}
 78145 | Slime:5  | Identified the +3 leather armour "Niummic" {rF+ Int+3}
 78180 | Slime:5  | Identified the +0 ring mail of Ashenzari's Regard {rF+}
 78249 | Slime:5  | Got a slimy rune of Zot
 78250 | Slime:5  | Identified the ring "Plog" {rCorr EV+4}
 78945 | Tomb:1   | Entered Level 1 of the Tomb of the Ancients
 79418 | Pan      | Entered Pandemonium
 79945 | Pan      | Noticed Dah Ytt the pandemonium lord
 80046 | Pan      | Reached skill level 5 in Evocations
 80213 | Pan      | Gained mutation: You occasionally lose the ability to read
                  | scrolls when taking damage. [a cacodemon]
 80232 | Pan      | Lost mutation: You occasionally lose the ability to read
                  | scrolls when taking damage. [potion of mutation]
 80232 | Pan      | Gained mutation: You possess an exceptional clarity of
                  | mind. [potion of mutation]
 80232 | Pan      | Gained mutation: Your flesh is heat resistant. (rF+)
                  | [potion of mutation]
 80232 | Pan      | Gained mutation: You are covered in fur. (AC +1) [potion of
                  | mutation]
 80232 | Pan      | Gained mutation: You are partially covered in iridescent
                  | scales. (AC +2) [potion of mutation]
 80659 | Pan      | Noticed Tifem the pandemonium lord
 80705 | Pan      | Killed Tifem the pandemonium lord
 81725 | Pan      | Noticed Exediren the pandemonium lord
 81829 | Pan      | Paralysed by a floating eye for 2 turns
 81849 | Pan      | Killed Exediren the pandemonium lord
 82068 | Pan      | Got a demonic rune of Zot
 82566 | Pan      | Reached skill level 10 in Translocations
 82696 | Pan      | Found a white marble altar of Elyvilon.
 82869 | Pan      | Found a glowing silver altar of Zin.
 83289 | Pan      | Reached skill level 10 in Evocations
 83954 | Pan      | Found a glowing golden altar of the Shining One.
 83955 | Pan      | Noticed a seraph
 83985 | Pan      | Killed a seraph
 84062 | Pan      | Identified the amulet of Ebo Huetiqo {Spirit rElec rPois
                  | rN+ Int+3}
 84069 | Pan      | Identified the +7 short sword "Nyque" {vorpal, rElec rC+
                  | rN+ Str-4}
 84073 | Pan      | Identified the +5 ring mail "Nosibyl" {rPois rC+ Will+
                  | Str+4}
 84088 | Depths:2 | Escaped Pandemonium
 84094 | Pan      | Entered the realm of Lom Lobon.
 84094 | Pan      | Entered Pandemonium
 84572 | Pan      | Noticed Lom Lobon
 84593 | Pan      | Got a magical rune of Zot
 85211 | Pan      | Found an exit through the horrors of the Abyss.
 85768 | Pan      | Found an exit through the horrors of the Abyss.
 86162 | Pan      | Reached skill level 15 in Shields
 86812 | Pan      | Found an exit through the horrors of the Abyss.
 87725 | Pan      | Found an exit through the horrors of the Abyss.
 87813 | Pan      | Reached skill level 15 in Evocations
 89166 | Pan      | Noticed Kuorexky the pandemonium lord
 89408 | Pan      | Found a runed translucent door.
 89579 | Pan      | Found an exit through the horrors of the Abyss.
 90536 | Pan      | Entered the realm of Gloorx Vloq.
 91048 | Pan      | Got a dark rune of Zot
 91083 | Pan      | Noticed Gloorx Vloq
 91089 | Pan      | Killed Gloorx Vloq
 91509 | Pan      | Reached skill level 15 in Invocations
 93355 | Pan      | Entered the realm of Cerebov.
 93697 | Pan      | Noticed Mennas
 93703 | Pan      | Killed Mennas
 93869 | Pan      | Noticed Lom Lobon
 94197 | Pan      | Found the +6 sword of Cerebov {flame}
 94197 | Pan      | Noticed Cerebov
 94205 | Pan      | Mangled by Cerebov

Illustrated notes

Levels and vault maps discovered:
D:1:      mrwooster_arrival_statue_3, layout_rooms, st_stairs_13, minmay_3d_cube
D:2:      layout_basic, minmay_misc_feat_ornament
D:3:      layout_loops_ring, serial_undead, serial_undead_b, serial_undead_e,
          serial_undead_b, serial_undead_e, chequers_serial_rivers_large_b,
          serial_park_tiny_2, grunt_ministairs_8
D:4:      layout_loops_ring, mainiacjoe_overflow_cross_hatched,
          lemuel_temple_firewalk_b, kennysheep_generic_room_13
D:5:      layout_layer_cave, uniq_grinder, uniq_prince_ribbit1, uniq_pikel
D:6:      layout_loops_cross, nicolae_gozag_cash_rules_everything_around_me
D:7:      layout_layer_cave, nicolae_ru_awakened_eye, uniq_duvessa
D:8:      layout_basic, serial_shops, nicolae_stop_n_shop_1,
          gammafunk_ghost_hydra_chop, pf_guarded_unrand_meek
D:9:      layout_gridville, serial_shops,
          nicolae_shop_competitors_out_of_business
D:10:     layout_roguey, elyvilon_altar_3, lair_entry_dummy, david_orc_4
D:11:     layout_loops_corners, uniq_erolcha
D:12:     nrook_guardian_serpent_snake_passage, layout_loops_ring,
          bh_circular_ruins
D:13:     layout_gridville, david_vaults_2, serial_shops, statue_bzr,
          minmay_fractal_squares_5, uniq_jorgrun
D:14:     layout_roguey, makhleb_altar_promises_db
D:15:     hangedman_depths_entry_civil_slaughter, layout_basic,
          portal_ice_cave_entry_ice_statue_one, hex_medium, serial_shops,
          shop_scrolls, uniq_agnes
Temple:   nicolae_temple_no_exploring_needed
Lair:1:   layout_gridlike, nicolae_volcano_entry_vermiform, basic_altar
Lair:2:   layout_loops_ring, minmay_shoals_entry_beasts, dummy_snake_entry,
          beast_lair_carwin_11
Lair:3:   layout_regular_city, minivault_24
Lair:4:   layout_cave_pods
Lair:5:   cheibrodos_lair_end_hotspot, layout_regular_city,
          minmay_slime_entry_oklob_open, uniq_nessos
Shoals:1: cheibrodos_shoals_baths, layout_shoals, uniq_roxanne
Shoals:2: layout_shoals, serial_shops, shop_statue
Shoals:3: layout_shoals
Shoals:4: shoals_end_hellmonk_lost_city, serial_shops
Snake:1:  layout_gridlike, grunt_ministairs_14, nicolae_snake_springs,
          minmay_shoptagon, uniq_aizul, uniq_nikola
Snake:2:  layout_grid_maze, minmay_shop_star
Snake:3:  layout_cave_town, nicolae_snake_slithery_corners, uniq_saint_roka
Snake:4:  snake_pit, layout_chambers, basic_altar, serial_shops,
          nicolae_lakefront_shop
Slime:1:  layout_caves, cheibrodos_slime_lost_civilization_5
Slime:2:  layout_caves
Slime:3:  layout_caves, cheibrodos_slime_lost_civilization_7
Slime:4:  layout_caves, uniq_donald
Slime:5
Orc:1:    layout_caves
Orc:2:    st_orc_open, layout_diamond_mine
Elf:1:    minmay_elf_arrival_summoners, layout_onion_city, serial_shops, shop,
          minmay_elf_annihilation
Elf:2:    nicolae_elf_blades_splatter_lattice
          [nicolae_blade_entry_crossed_weapons], layout_geoelf_octagon
Elf:3:    minmay_elf_hall_hex, layout_onion_city,
          gammafunk_ghost_wrathful_warriors, serial_shops, shop,
          infiniplex_enter_wizlab_spiral, grunt_megastairs_4
Vaults:1: vaults_dpeg_spiral, grunt_vaults_funnel, v_misc_18, st_cells,
          nicolae_vaults_network_quinsquares
          [nicolae_vaults_network_quincunx_subvault,
          nicolae_vaults_network_quincunx_subvault,
          nicolae_vaults_network_quincunx_subvault,
          nicolae_vaults_network_quincunx_subvault],
          vaults_room_grunt_arrival_ludios, nicolae_vaults_mini_display_case,
          vaults_dpeg_diagonal, vaults_dpeg_emergency_exit,
          layout_vaults_quadrants
Vaults:2: nicolae_vaults_twisting_passages,
          vaults_standard_mumra_enter_the_diamond,
          nicolae_vaults_ring_of_whatevers, minmay_crypt_entry_necro_gods,
          hangedman_vaults_slither, ontoclasm_vaults_shuriken,
          dpeg_vaults_monster_row, vaults_room_corners,
          vaults_dpeg_encased_lava, ontoclasm_vaults_twist, v_pattern_2,
          ontoclasm_vaults_gateway, layout_vaults_omnibox
Vaults:3: nicolae_vaults_little_squares_6, nicolae_vaults_quartermaster,
          nicolae_vaults_ninety_degrees, v_misc_9, v_pattern_3,
          vaults_room_fancy_cross, hangedman_vaults_restitches,
          hangedman_vaults_trim, layout_vaults_omnicross, serial_shops,
          nicolae_square_shop
Vaults:4: hangedman_vaults_corner, hangedman_vaults_trim, v_pattern_5,
          hangedman_vaults_stagger, nicolae_vaults_windows_and_doors_thing,
          hangedman_vaults_stream, nicolae_vaults_asterisk, v_misc_8,
          vaults_mumra_chevron, ontoclasm_vaults_fault, vaults_room_hallway,
          layout_vaults_maze
Vaults:5: serial_shops
Crypt:1:  layout_misc_corridors, item_on_display_a, grunt_megastairs_3
Crypt:2:  layout_gridlike
Crypt:3:  lightli_unholy_cathedral, layout_chaotic_city,
          nicolae_tomb_entry_grand_gallery, ebering_ghost_gozag, uniq_josephina
Tomb:1
Depths:1: layout_basic, enter_ziggurat_e, hangedman_decor_clover_reticule,
          hell_entry, kennysheep_another_room, guppyfry_shop_blood,
          serial_bayou_shore_a, uniq_asterion
Depths:2: minmay_textured_paths, layout_long_grid, hell_entry,
          nicolae_abyss_entry_one_way_or_another, rand_demon_pan_entry_5,
          dk_noncrumbling_3, nicolae_shop_self_help,
          infiniplex_staircase_pool_lava, uniq_mara
Depths:3: nicolae_hexawheel, layout_gridlike, serial_bayou_ford_a, abyss_entry,
          serial_shops, shop_statue, pan_entry, pf_hell_entry_great_geh,
          minmay_fountain_box, minmay_staircase_bubble
Depths:4: grunt_zot_entry_gee_three, layout_gridlike, grunt_hell_horde,
          serial_bayou_pond_d, nicolae_ashenzari_skybound,
          nicolae_triple_integral
Hell
Geh:1:    layout_gehenna_pools_triple
Pan:      evilmike_mini_pan_other_thingy, layout_chambers, pan_surprise,
          evilmike_mini_pan_diamond, layout_rooms, rand_demon_2,
          layout_chambers, special_room [special_room_demon_pit],
          grunt_pan_spiral, layout_basic, nicolae_pan_lom_lobonic_1,
          grunt_pan_frozen_over, layout_basic, nicolae_pan_mnolegish_2,
          evilmike_mini_pan_possible_glass, layout_grid_shapes,
          pan_blood_fountain_small, evilmike_holy_pan, lom_lobon,
          layout_long_grid, nicolae_pan_lom_lobonic_4,
          regret_index_pan_draining_boxed, layout_gridlike,
          pan_blood_fountain_small, nicolae_pan_mnolegish_3,
          evilmike_mini_pan_pillars, layout_pan_divisions_a
          [pan_division_quadrant_a4, pan_division_quadrant_a6,
          pan_division_quadrant_a5, pan_division_quadrant_a1,
          pan_division_octagon_box], gloorx_vloq_st, layout_long_grid,
          pan_blood_fountain, cerebov_grunt, layout_pan_divisions_a
          [pan_division_quadrant_a4, pan_division_quadrant_a3,
          pan_division_quadrant_a3, pan_division_quadrant_a3,
          pan_division_octagon_box], uniq_mennas_pan, uniq_lom_lobon

Skill      XL: |  1  2  3  4  5  6  7  8  9 10 11 12 13 14 15 16 17 18 19 20 21 22 23 24 25 26 27 |
---------------+----------------------------------------------------------------------------------+-----
Unarmed Combat | 1 2 |  2.6
Dodging        | 4 5 6 7 8 9 11 13 15 16 17 18 20 21 22 23 24 27 | 27.0
Fighting       | 4 5 6 7 8 10 12 13 14 15 16 17 18 20 22 23 24 25 26 27 | 27.0
Short Blades   | 5 6 7 10 11 13 14 16 17 19 20 21 22 23 25 27 | 27.0
Stealth        | 3 6 7 8 10 12 15 18 20 21 22 23 24 25 27 | 27.0
Invocations    | 4 9 10 12 13 14 16 | 16.6
Shields        | 5 10 15 | 15.0
Armour         | 9 |  9.0
Translocations | 10 | 10.0
Evocations     | 21 | 21.6
Spellcasting   | 4 |  4.0

Action                   |  1- 3 |  4- 6 |  7- 9 | 10-12 | 13-15 | 16-18 | 19-21 | 22-24 | 25-27 || total
-------------------------+-------+-------+-------+-------+-------+-------+-------+-------+-------++-------
Melee: Short sword       |    53 |   256 |   402 |       |       |       |       |       |       ||   711
       Dagger            |    12 |       |       |       |       |       |    34 |     8 |       ||    54
       Punch             |       |     2 |     8 |    13 |    19 |    54 |    23 |       |       ||   119
       Rapier            |       |       |    35 |   455 |   620 |  1252 |  1125 |  1120 |  5247 ||  9854
       Quick blade       |       |       |       |       |       |       |   127 |   473 |       ||   600
Invok: Shadow Step       |       |       |       |       |     1 |     1 |     1 |     1 |       ||     4
       Shadow Form       |       |       |       |       |       |     1 |     1 |     1 |    10 ||    13
 Abil: Evoke Invisibilit |       |       |       |       |       |       |       |       |     3 ||     3
Evoke: Phantom mirror    |       |       |       |       |       |       |     1 |       |     2 ||     3
       Tin of tremorston |       |       |       |       |       |       |       |       |     1 ||     1
  Use: Potion            |       |     2 |     2 |     3 |       |     2 |     5 |     3 |    13 ||    30
       Scroll            |       |     3 |    10 |    13 |     7 |     6 |    17 |     7 |    26 ||    89
 Stab: Sleeping          |    20 |     9 |    14 |    59 |   107 |   147 |   173 |   225 |   352 ||  1106
       Distracted        |       |     1 |     4 |     4 |    11 |    21 |    28 |    24 |   243 ||   336
       Invisible         |       |       |       |     3 |       |     6 |     5 |       |    51 ||    65
Armor: Robe              |     9 |    24 |    35 |     8 |       |    12 |    41 |    39 |   212 ||   380
       Skin              |       |     4 |    10 |       |       |       |       |       |       ||    14
       Troll leather arm |       |       |       |     9 |    21 |    25 |     3 |       |       ||    58
       Leather armour    |       |       |       |       |     8 |       |       |       |       ||     8
       Quicksilver drago |       |       |       |       |       |       |       |     4 |       ||     4
Dodge: Dodged            |    29 |   165 |   245 |   265 |   388 |   951 |   839 |  1170 |  4224 ||  8276
Block: Buckler           |       |       |       |       |       |       |   194 |   687 |  2821 ||  3702
       Reflection        |       |       |       |       |       |       |    24 |    10 |    30 ||    64

Table legend: (Time is in decaauts)
 A = Elapsed time spent in this place.
 B = Non-inter-level travel time spent in this place.
 C = Inter-level travel time spent in this place.
 D = Time resting spent in this place.
 E = Time spent auto-exploring this place.
 F = Levels seen in this place.
 G = Mean time per level.
                   A        B        C        D        E       F      G
               +--------+--------+--------+--------+--------+-----+--------+
         Total |  89062 |  83207 |   5855 |  16099 |  45778 |  71 | 1254.4 |
       Dungeon |  17665 |  15986 |   1679 |   2046 |  10795 |  15 | 1177.7 |
        Temple |     48 |     38 |     10 |      0 |     15 |   1 |   48.0 |
          Lair |   7460 |   6873 |    587 |    705 |   4600 |   5 | 1492.0 |
        Shoals |   5763 |   5557 |    206 |   1032 |   3454 |   4 | 1440.8 |
     Snake Pit |   7327 |   6848 |    479 |   1723 |   3547 |   4 | 1831.8 |
    Slime Pits |   2714 |   2611 |    103 |    512 |   1120 |   5 |  542.8 |
  Orcish Mines |   1720 |   1491 |    229 |     29 |   1095 |   2 |  860.0 |
   Elven Halls |   5411 |   4964 |    447 |   1132 |   2616 |   3 | 1803.7 |
        Vaults |  11252 |  10061 |   1191 |   2425 |   5550 |   5 | 2250.4 |
         Crypt |   4868 |   4337 |    531 |   1265 |   1958 |   3 | 1622.7 |
          Tomb |    107 |     67 |     40 |      0 |     21 |   1 |  107.0 |
        Depths |   7848 |   7542 |    306 |   2955 |   3051 |   4 | 1962.0 |
          Hell |   1492 |   1450 |     42 |    366 |    395 |   1 | 1492.0 |
       Gehenna |      8 |      8 |      0 |      0 |      0 |   1 |    8.0 |
         Abyss |    346 |    346 |      0 |    126 |     55 |   1 |  346.0 |
   Pandemonium |  13528 |  13528 |      0 |   1500 |   7222 |  12 | 1127.3 |
        Bazaar |    235 |    235 |      0 |      0 |    100 |   1 |  235.0 |
      Ice Cave |    635 |    635 |      0 |    148 |    116 |   1 |  635.0 |
       Volcano |    155 |    155 |      0 |      0 |      0 |   1 |  155.0 |
        Wizlab |    471 |    471 |      0 |    134 |     67 |   1 |  471.0 |
               +--------+--------+--------+--------+--------+-----+--------+

Top non-repeatable levels by time:
Vaults:4: 3472 daAuts
Depths:4: 3048 daAuts
 Snake:4: 2569 daAuts
Vaults:5: 2381 daAuts
     D:5: 2340 daAuts
   Elf:3: 2228 daAuts
Vaults:1: 2204 daAuts
  Lair:3: 2180 daAuts
Depths:1: 2096 daAuts
Shoals:4: 2080 daAuts
 Snake:3: 2032 daAuts
 Crypt:3: 1910 daAuts
Vaults:3: 1785 daAuts
 Snake:2: 1686 daAuts
Depths:3: 1653 daAuts
